Map: Nightscape LE

Players

Xaero - Winner!

  • Race: Protoss Protoss
  • Spawn Location: 1:00

Phobos - Winner!

  • Race: Terran Terran
  • Spawn Location: 1:00

Massa

  • Race: Terran Terran
  • League: Gold
  • Spawn Location: 7:00

qqq

  • Race: Protoss Protoss
  • League: Platinum
  • Spawn Location: 7:00

VOD

Have the link to the VOD?

Description

Time

  • Played on: July 28, 2020, 3:01 p.m.
  • Length: 8:59
Show
View Real Time Build Order
Export as new Build Order

Xaero Protoss - Winner!

Build Orders: 1 Gate Expand, Blink Stalkers 

Get SALT Encoding   

  12  0:01  Probe  
  13  0:13  Probe  
  14  0:17  Pylon  
  14  0:25  Probe  
  15  0:37  Probe (Chrono Boost)  
  15  0:39  Gateway  
  16  0:48  Probe (Chrono Boost)  
  17  0:52  Assimilator  
  17  0:53  Probe (Chrono Boost)  
  18  1:03  Probe  
  19  1:15  Probe  
  20  1:27  Nexus  
  20  1:38  Cybernetics Core  
  20  1:45  Pylon  
  20  1:48  Probe  
  20  1:54  Assimilator  
  21  2:00  Probe  
  22  2:12  Stalker (Chrono Boost)  
  22  2:13  Probe  
  25  2:25  Probe  
  26  2:37  Probe, Stalker  
  29  2:44  Twilight Council  
  29  2:47  Warp Gate  
  29  2:49  Probe  
  30  3:00  Probe  
  30  3:01  Probe  
  32  3:12  Probe  
  33  3:13  Probe  
  33  3:17  Gateway  
  33  3:23  Stalker  
  33  3:24  Probe  
  33  3:25  Probe  
  37  3:27  Pylon  
  37  3:33  Pylon  
  37  3:36  Probe, Blink (Chrono Boost)  
  37  3:37  Probe  
  39  3:48  Probe  
  40  3:50  Probe  
  41  4:00  Probe  
  41  4:01  Gateway  
  41  4:02  Probe  
  43  4:06  Robotics Facility  
  43  4:12  Probe  
  43  4:14  Probe  
  45  4:20  Stalker  
  47  4:24  Probe  
  47  4:26  Probe  
  49  4:31  Nexus  
  49  4:36  Probe  
  49  4:38  Probe  
  50  4:49  Probe  
  50  4:51  Probe  
  52  4:56  Shield Battery  
  52  4:57  Stalker x2  
  56  5:01  Probe, Shield Battery  
  57  5:09  Charge (Chrono Boost)  
  57  5:10  Observer, Probe  
  59  5:15  Probe  
  59  5:20  Pylon  
  60  5:22  Gateway, Pylon  
  60  5:23  Gateway  
  60  5:25  Gateway  
  60  5:27  Probe  
  61  5:28  Warp Prism  
  61  5:40  Gateway  
  63  5:43  Probe  
  63  5:44  Probe  
  63  5:49  Probe  
  66  5:50  Gateway  
  66  5:53  Pylon  
  66  5:56  Probe  
  67  5:57  Probe  
  68  6:04  Gateway  
  68  6:13  Stalker x2  
  68  6:14  Stalker  
  73  6:22  Stalker x2  
  73  6:23  Stalker  
  74  6:30  Probe x3  
  76  6:33  Shield Battery  
  76  6:39  Zealot x4  
  84  6:46  Gateway  
  84  6:47  Zealot x3  
  84  6:52  Probe  
  84  6:53  Probe x2  
  93  7:04  Probe  
  88  7:19  Stalker x7  
  88  7:20  Stalker x2  
  98  7:36  Probe x2  
  98  7:37  Probe  
  99  7:48  Probe  
  90  8:05  Stalker x6  
  98  8:18  Assimilator  
  98  8:22  Assimilator, Forge  
  98  8:24  Forge  
  88  8:39  Stalker x3  
  88  8:40  Stalker x2  
Show
View Real Time Build Order
Export as new Build Order

Phobos Terran - Winner!

Build Orders:  

Get SALT Encoding   

  12  0:01  SCV  
  13  0:14  SCV  
  14  0:18  Supply Depot  
  14  0:26  SCV  
  15  0:39  SCV  
  15  0:41  Barracks  
  16  0:45  Refinery  
  16  0:52  SCV  
  17  1:04  SCV  
  18  1:16  SCV  
  19  1:28  SCV  
  19  1:29  Reaper  
  21  1:35  Command Center  
  21  1:40  SCV  
  22  1:53  Supply Depot  
  22  1:54  Orbital Command  
  22  2:04  Barracks  
  22  2:07  Barracks Reactor  
  22  2:23  SCV  
  22  2:25  Factory  
  23  2:33  Refinery  
  23  3:04  SCV  
  24  3:07  Barracks Tech Lab  
  24  3:08  Engineering Bay  
  24  3:15  Factory Tech Lab  
  24  3:16  Marine x2  
  26  3:31  Orbital Command  
  26  3:49  Siege Tank  
  26  3:50  Marine  
  26  3:51  Stimpack  
  26  3:53  SCV, Engineering Bay  
  31  3:58  Marine x2  
  33  4:15  SCV x2  
  35  4:17  Marine x2  
  35  4:18  Marine  
  35  4:24  Barracks, Terran Infantry Weapons Level 1  
  38  4:29  Refinery  
  38  5:01  Terran Infantry Armor Level 1  
  38  5:03  Starport  
  38  5:08  SCV  
  39  5:17  Barracks  
  39  5:26  Marine x2  
  39  5:27  Barracks, Marauder  
  43  5:29  Barracks Tech Lab  
  43  5:36  SCV x2  
  43  5:40  Refinery  
  45  5:48  SCV  
  46  5:54  Starport Reactor  
  46  6:02  Supply Depot x2  
  46  6:06  Armory  
  46  6:10  Barracks  
  46  6:12  Supply Depot  
  46  6:23  Marauder, Marine x3, Siege Tank  
  54  6:26  Missile Turret  
  54  6:27  Missile Turret  
  54  6:33  SCV x2  
  54  6:37  Marine x2  
  58  6:40  Medivac x2  
  58  6:41  Marauder, Marine x2  
  58  6:44  Marine, Supply Depot  
  67  6:51  Combat Shield  
  67  6:52  Concussive Shells  
  67  6:55  Marine  
  68  7:21  Marine x3  
  68  7:22  Marine x2  
  64  7:23  Marauder x2  
  64  7:24  Medivac x2, Siege Tank  
  75  7:45  Supply Depot  
  75  7:47  Marine x3  
  78  7:51  Factory  
  70  8:12  Marine  
  70  8:13  Marine x6  
  70  8:17  Medivac x2  
  81  8:30  Marine x2  
  81  8:31  Marine x3  
  86  8:53  Factory Tech Lab  
Show
View Real Time Build Order
Export as new Build Order

Massa Terran 

Build Orders: Reaper Expand 

Get SALT Encoding   

  12  0:01  SCV  
  13  0:13  SCV  
  14  0:19  Supply Depot  
  14  0:25  SCV  
  15  0:41  SCV  
  16  0:42  Barracks  
  16  0:53  SCV  
  17  0:58  Refinery  
  17  1:05  SCV  
  18  1:17  SCV  
  19  1:41  Reaper, Command Center  
  19  1:46  Orbital Command  
  20  2:13  Reaper  
  21  2:33  Supply Depot  
  20  2:57  Marine  
  21  3:04  Factory  
  21  3:05  Orbital Command  
  21  3:06  SCV  
  21  3:08  Barracks  
  22  3:15  Marine  
  22  3:18  SCV  
  24  3:30  SCV  
  24  3:33  Marine  
  26  3:34  SCV  
  27  3:42  SCV  
  27  3:46  SCV  
  27  3:47  Barracks  
  29  3:55  SCV  
  30  3:59  SCV  
  30  4:00  Factory Tech Lab  
  30  4:01  Barracks Tech Lab  
  31  4:07  SCV  
  31  4:08  Barracks  
  32  4:11  SCV  
  32  4:13  Marine  
  32  4:14  Bunker  
  34  4:21  Engineering Bay  
  34  4:25  Starport  
  34  4:26  Refinery  
  34  4:27  Siege Tank  
  34  4:28  Marauder  
  39  4:31  Marine  
  39  4:32  SCV  
  39  4:33  Refinery, SCV  
  42  4:45  SCV x2  
  44  4:49  Marine  
  44  4:56  Marine  
  44  4:57  SCV  
  46  5:07  SCV  
  46  5:18  Supply Depot x2  
  46  5:21  Supply Depot  
  46  5:22  Missile Turret x2  
  46  5:23  Missile Turret  
  46  5:28  Barracks Reactor  
  46  5:31  Barracks Reactor  
  46  5:37  Missile Turret  
  46  5:39  Marauder, Marine  
  49  5:45  Supply Depot  
  49  5:48  Medivac  
  51  5:57  Marine  
  51  5:58  Missile Turret  
  51  6:01  Marauder  
  54  6:07  Siege Tank  
  54  6:11  Marine x4  
  58  6:14  Marine  
  58  6:16  Stimpack  
  62  6:22  Marauder  
  64  6:27  SCV x2  
  64  6:28  Marine  
  64  6:29  Marine x3  
  70  6:39  SCV  
  71  6:43  Terran Infantry Weapons Level 1  
  71  6:44  Marauder  
  73  6:47  Armory  
  73  6:53  Refinery  
  73  6:58  Command Center  
  73  7:05  Marauder  
  72  7:21  Marine x5  
  66  7:26  Marauder  
  67  7:39  Marine x4  
  67  7:40  Marine  
  72  7:48  Marauder  
  67  7:56  Marine  
  67  7:57  Marine x4  
  55  8:03  Widow Mine  
  55  8:09  Marauder  
  55  8:12  Concussive Shells  
  54  8:14  Marine x2  
  54  8:15  Marine x2  
  51  8:30  Marauder  
  51  8:32  Marine x2  
  45  8:44  Barracks  
  45  8:46  Barracks, Bunker  
  41  8:48  Barracks, Bunker  
  41  8:50  Bunker  
Show
View Real Time Build Order
Export as new Build Order

qqq Protoss 

Build Orders: 1 Gate Expand 

Get SALT Encoding   

  12  0:01  Probe  
  13  0:14  Pylon  
  13  0:25  Pylon  
  13  0:26  Probe  
  14  0:38  Probe  
  15  0:45  Gateway  
  15  0:52  Pylon  
  15  1:01  Probe  
  16  1:28  Nexus  
  16  1:33  Probe  
  17  1:57  Pylon  
  17  2:02  Cybernetics Core  
  17  2:35  Forge  
  17  2:39  Probe  
  17  2:41  Assimilator  
  19  2:44  Probe  
  19  2:45  Assimilator  
  19  2:52  Probe (Chrono Boost)  
  19  2:57  Probe (Chrono Boost)  
  21  3:03  Probe (Chrono Boost)  
  23  3:05  Probe (Chrono Boost)  
  23  3:08  Probe (Chrono Boost)  
  23  3:10  Probe  
  24  3:18  Probe  
  26  3:22  Probe  
  27  3:30  Probe  
  28  3:34  Probe  
  28  3:35  Photon Cannon  
  29  3:42  Probe  
  29  3:46  Probe  
  31  3:50  Stalker  
  31  3:54  Probe, Stargate  
  34  3:59  Probe  
  34  4:00  Assimilator  
  35  4:04  Assimilator  
  35  4:06  Probe  
  36  4:11  Probe  
  36  4:16  Stargate  
  37  4:23  Probe x2  
  39  4:33  Stalker  
  39  4:35  Probe x2  
  43  4:39  Phoenix  
  45  4:47  Probe  
  45  4:48  Probe  
  47  4:59  Probe  
  48  5:02  Phoenix  
  48  5:04  Protoss Air Weapons Level 1  
  50  5:11  Probe, Oracle  
  54  5:23  Probe  
  55  5:33  Nexus  
  55  5:35  Probe  
  55  5:36  Phoenix, Pylon  
  55  5:38  Pylon  
  58  5:47  Probe  
  58  5:48  Phoenix  
  61  5:57  Nexus  
  61  6:00  Probe, Pylon  
  61  6:01  Phoenix  
  61  6:02  Pylon  
  64  6:13  Phoenix  
  66  6:23  Photon Cannon  
  66  6:26  Photon Cannon, Phoenix  
  65  6:37  Photon Cannon  
  65  6:38  Phoenix  
  67  6:51  Phoenix  
  69  7:03  Phoenix  
  65  7:16  Phoenix  
  61  7:26  Probe  
  61  7:28  Phoenix  
  64  7:38  Probe  
  64  7:41  Phoenix  
  67  7:50  Probe  
  68  7:52  Assimilator  
  68  7:53  Phoenix  
  68  7:56  Assimilator  
  70  8:02  Probe  
  70  8:04  Nexus  
  70  8:15  Probe, Phoenix  
  70  8:18  Phoenix  
  75  8:21  Fleet Beacon  
  75  8:24  Stargate  
  75  8:25  Stargate  
  75  8:27  Probe  
  76  8:30  Zealot  
  78  8:44  Probe  
Tags
 
Add a new tag
Caveats
  • Supply blocks, unpowered buildings, or Contaminate may cause inaccurate times.
  • Supply counts are checked every 10 seconds.